[Event "*** Titled Tuesday Blitz"]
[Site "Chess.com"]
[Date "2021.04.06"]
[Round "9"]
[White "TimKett"]
[Black "WiktoriaPOL"]
[Result "0-1"]
[WhiteElo "2211"]
[BlackElo "2060"]
[TimeControl "180+1"]
[EndTime "11:47:15 PDT"]
[Termination "WiktoriaPOL won by checkmate"]

1. e4 c5 2. Nf3 d6 3. d4 cxd4 4. Nxd4 Nf6 5. Nc3 a6 6. Bc4 e6 7.
O-O Be7 8. f4 O-O 9. e5 dxe5 10.
fxe5 Nd5 11. Qg4 Nxc3 12. bxc3 b5 13. Bh6 g6 14. Bxf8 Bxf8 15. Bb3 h5 16. Qf3 Ra7 17. Rad1 Qg5 18. Bxe6 Bxe6 19. Nxe6 Qxe5 20. Nxf8 Kxf8 21. Rd8+ Kg7 22. Re1 Qxe1+ 23. Qf1 Qxf1+ 24. Kxf1 Nc6 25. Rd6 Ne5 26. Ke2 Nc4 27. Rc6 Re7+ 28. Kd3 Re6 29. Rc7 Kf6 30. Kd4 Kf5 31. a4 Nd6 32. Rc5+ Kf6 33.
axb5 Nxb5+ 34. Kd3 Rd6+ 35. Kc4 Ke6 36. Rc8 Kd7 37.
Rf8 Ke7 38. Ra8 Rc6+ 39. Kb4 Nxc3 40. Kb3 Ke6 41. Re8+ Kf5 42. Rd8 Nb5 43. Rf8 f6 44. c4 Nd4+ 45. Kb4 a5+ 46. Kc3 Ne6 47. Ra8 Rc5 48. Ra6 Ke5 49. Kd3 f5 50. g3 g5 51.
h4 gxh4 52. gxh4 f4 53. Ra8 Kf5 54. Rh8 f3 55. Rxh5+ Kf6 56. Rxc5 Nxc5+ 57. Ke3 a4 58. h5 a3 59. Kd4 a2 60. Kxc5 a1=Q 61. h6 f2 62. h7 Kg7 63. Kd6 Kh8 64. c5 f1=Q 65. c6 Qd3+ 66. Kc7 Qa7+ 67. Kc8 Qd6 68. c7 Qdxc7# 0-1

[Event "*** Titled Tuesday Blitz"]
[Site "Chess.com"]
[Date "2021.04.06"]
[Round "9"]
[White "Rytenko_V"]
[Black "Tpros"]
[Result "1/2-1/2"]
[WhiteElo "2379"]
[BlackElo "2509"]
[TimeControl "180+1"]
[EndTime "11:47:16 PDT"]
[Termination "Game drawn - insufficient material"]

1. d4 Nf6 2. c4 g6 3. Nc3 d5 4.
Bg5 Ne4 5. Nxe4 dxe4 6. Qd2 h6 7.
Bh4 Bg7 8. e3 O-O 9. Ne2 Nc6 10.
Nc3 f5 11. Be2 a5 12. O-O Be6 13. Rad1 Bf7 14. f3 g5 15. Bg3 exf3 16. Rxf3 e6 17. b3 f4 18. exf4 Nxd4 19. Rff1 c5 20. fxg5 Qxg5 21.
Qxg5 hxg5 22. Rd3 Bg6 23. Re3 Nxe2+ 24. Nxe2 Bf5 25. Be5 b6 26. Bxg7 Kxg7 27. Ng3 Kg6 28. Rfe1 Rf6 29. Ne4 Rf7 30. Nd6 Rf6 31. Nb5 a4 32. h3 axb3 33. axb3 g4 34. hxg4 Bxg4 35. Rg3 Kh5 36. Rge3 Kg5 37. Nd6 Kg6 38. Ne4 Rf5 39. Nd6 Rf6 40. Rg3 Kh5 41. Re4 Rg6 42. Kh2 Kh4 43. Rf4 Kg5 44. Re4 Kh4 45. Rf4 Rag8 46.
Ne4 Kh5 47. Nf2 Bf5 48. Rxg6 Kxg6 49. g4 Kg5 50. Rf3 Rh8+ 51. Kg3 Bg6 52. Rf4 Kh6 53.
Nh3 Kg7 54. g5 Re8 55. Rf6 Bc2 56. Nf4 Bxb3 57. Nxe6+ Kg8 58. Nc7 Re3+ 59. Kf4 Re7 60.
Kf5 Rf7 61. Rxf7 Kxf7 62. Nd5 Bxc4 63. Nxb6 Bd3+ 64. Ke5 Kg6 65. Nd7 c4 66. Kd4 Kxg5 67. Ne5 Kf4 68. Nxd3+ cxd3 69. Kxd3 1/2-1/2

[Event "*** Titled Tuesday Blitz"]
[Site "Chess.com"]
[Date "2021.04.06"]
[Round "9"]
[White "FairChess_on_YouTube"]
[Black "RD4ever"]
[Result "0-1"]
[WhiteElo "2994"]
[BlackElo "2896"]
[TimeControl "180+1"]
[EndTime "11:47:18 PDT"]
[Termination "RD4ever won by resignation"]

1. e4 e6 2. d4 d5 3. e5 c5 4. c3 Nc6 5. Nf3 Bd7 6. Bd3 Rc8 7. a3 cxd4 8. cxd4 Qb6 9. O-O Nxd4 10. Nc3 Nxf3+ 11. Qxf3 Ne7 12. Qg3 Ng6 13. Re1 Be7 14.
Ne2 Bh4 15. Qe3 Qxe3 16. Bxe3 Nxe5 17. Nf4 Nxd3 18. Nxd3 b6 19. a4 Bf6 20. f4 Ke7 21. a5 Bb5 22. Ne5 bxa5 23. Bxa7 a4 24. Bd4 Rc2 25. b3 Ra8 26. bxa4 Rxa4 27. Rxa4 Bxa4 28. Ra1 Rc4 29. Be3 Re4 30. Bc5+ Ke8 31. g3 g5 32. Rb1 Bxe5 33. fxe5 Rxe5 34. Rb7 Rf5 35. g4 Rf4 36. h3 Bc2 37. Bd6 Rf3 38. Be7 h6 39. Bd6 Be4 40. Kh2 Rf2+ 41. Kg1 Rc2 42. Re7+ Kd8 43. Rxf7 d4 44. Rf2 Rc1+ 45. Rf1 Rc2 46. Rf2 d3 47.
Rxc2 dxc2 48. Ba3 Kd7 49. Kf2 Kc6 50. Ke3 Bg2 51. Kd2 Bxh3 52. Bf8 h5 53. gxh5 Bf5 54. h6 g4 55. Ba3 Kd5 56. Ke3 e5 57.
Bb2 Ke6 58. Kf2 e4 59. Kg3 e3 60. Bc1 e2 61. Kf2 Bd3 62. h7 Bxh7 63. Kxe2 Kd5 64.
Ke3 Kc4 65. Kf4 Bf5 66. Kxf5 g3 67. Kf4 g2 0-1

[Event "*** Titled Tuesday Blitz"]
[Site "Chess.com"]
[Date "2021.04.06"]
[Round "9"]
[White "Boorchess"]
[Black "ChampStan"]
[Result "1-0"]
[WhiteElo "2528"]
[BlackElo "2048"]
[TimeControl "180+1"]
[EndTime "11:47:19 PDT"]
[Termination "Boorchess won on time"]

1. e4 e5 2. Bc4 Nf6 3. d3 c6 4.
Bb3 d5 5. Nd2 Bc5 6. Ngf3 O-O 7.
O-O Nbd7 8. Qe2 Re8 9. Rd1 Nh5 10.
Nf1 Nf4 11. Bxf4 exf4 12. Qd2 dxe4 13. dxe4 Rxe4 14. Re1 Rxe1 15. Rxe1 Qf6 16. Re8+ Bf8 17.
Rxc8 Rxc8 18. Qxd7 Rd8 19. Qxb7 g5 20. h3 h5 21. N3d2 g4 22. hxg4 hxg4 23. Ne4 Qg6 24. Nfd2 Re8 25. Qxa7 Re7 26. Qd4 Qg7 27. Nf6+ Kh8 28.
Qxf4 Re1+ 29. Nf1 Qg6 30. Nxg4 Bd6 31. Qf6+ Qxf6 32. Nxf6 Ra1 33. Ng4 Rb1 34. Bxf7 Rxb2 35. Bb3 Rb1 36. Ne3 Kg7 37. g3 Bc5 38. Kg2 Kf6 39.
Nc4 Bd4 40. Nfe3 Ra1 41. a4 c5 42. Kf3 Rh1 43. Kg2 Rh8 44. Kf3 Rf8 45. Ke2 Ke7 46. f3 Kd7 47. g4 Rh8 48. f4 Rh2+ 49. Kf3 Rh3+ 50. Ke4 Rh2 51. g5 Ke7 52. f5 Rh4+ 53.
Kd5 Rh5 54. g6 Kf6 55. a5 Rh8 56. a6 Ra8 57. Ke4 Rxa6 58. Ng4+ Kg5 59. Nce5 Ra8 60.
g7 c4 61. f6 cxb3 62. cxb3 Bxe5 63. Kxe5 Kxg4 64. f7 Ra5+ 65. Kd4 1-0

[Event "*** Titled Tuesday Blitz"]
[Site "Chess.com"]
[Date "2021.04.06"]
[Round "9"]
[White "Irishchessman16"]
[Black "WPWPWP-2015"]
[Result "0-1"]
[WhiteElo "2282"]
[BlackElo "2432"]
[TimeControl "180+1"]
[EndTime "11:47:20 PDT"]
[Termination "WPWPWP-2015 won by resignation"]

1. e4 c5 2. Nf3 d6 3. d4 cxd4 4. Nxd4 Nf6 5. Nc3 a6 6. h3 e5 7. Nde2 b5 8. a3 Bb7 9. Qd3 Nbd7 10. Be3 Nc5 11. Bxc5 dxc5 12. O-O-O Qxd3 13. cxd3 Bd6 14. Ng3 g6 15. Be2 h5 16. Nf1 O-O-O 17. Ne3 Bf8 18. Kc2 Bh6 19. Nf1 Rd4 20. Nd2 Nd7 21. Nb3 Rd6 22. Na5 Ba8 23. b4 Kd8 24. Nb3 cxb4 25.
axb4 Ke7 26. Ra1 Rc8 27. Kb2 Ke8 28. Nd5 Rdc6 29. Bd1 Bf8 30. Na5 Re6 31. Bb3 Nb6 32. Rac1 Bxd5 33. Rxc8+ Nxc8 34. Bxd5 Rf6 35. f3 Bxb4 36. Nc6 Bd2 37. Ra1 a5 38. Nxa5 Ra6 39. Nb3 Rxa1 40. Nxa1 Be3 41. Kb3 Ke7 42. Nc2 Bc5 43. d4 exd4 44. Ne1 Kf6 45. Nd3 Bd6 46. Bc6 Na7 47. Bd7 g5 48. Be8 h4 49. e5+ Bxe5 50.
Bxf7 Bd6 51. Bd5 Kf5 52. Be4+ Kf6 53. Nf2 Bg3 54. Ng4+ Ke6 55. Kc2 Kd6 56. Kd3 Kc5 57.
Nf6 Bf2 58. Nd7+ Kd6 59. Nf8 Nc8 60. Nh7 Be3 61. Nf6 Kc5 62. Nd5 Nd6 63. Nxe3 dxe3 64. Bh7 b4 65. Bg8 Nf5 66. Be6 Nd4 67. Kxe3 Nxe6 68. Ke4 Nf4 69. Ke5 b3 70. Kf5 b2 71.
Kxg5 Nxg2 72. Kg4 b1=Q 73. f4 Qd1+ 0-1

[Event "*** Titled Tuesday Blitz"]
[Site "Chess.com"]
[Date "2021.04.06"]
[Round "9"]
[White "hleol"]
[Black "geordie_derraugh"]
[Result "1-0"]
[WhiteElo "2349"]
[BlackElo "2428"]
[TimeControl "180+1"]
[EndTime "11:47:21 PDT"]
[Termination "hleol won by checkmate"]

1. d4 Nf6 2. c4 e6 3. Nc3 Bb4 4. e3 O-O 5. Bd3 b6 6. Ne2 d5 7. a3 Be7 8. O-O Bb7 9. f3 dxc4 10. Bxc4 c5 11. dxc5 Bxc5 12. Kh1 Nbd7 13. e4 Ne5 14. Ba2 Nd3 15. Bg5 Nf2+ 16. Rxf2 Bxf2 17. Qf1 Bd4 18. Rd1 e5 19. Nd5 Bxd5 20. Bxd5 Rc8 21. Nxd4 exd4 22.
Rxd4 Qe7 23. Rd1 Qe5 24. f4 Qxb2 25. Bb7 Rc7 26. e5 Ng4 27. Rb1 Qd4 28. Ba6 Nf2+ 29.
Kg1 Ne4+ 30. Kh1 Nxg5 31. fxg5 Qxe5 32. Re1 Qxg5 33. h3 Rc2 34. Bd3 Ra2 35. Bc4 Qxg2+ 36. Qxg2 Rxg2 37. Kxg2 Rc8 38. Bd5 Kf8 39. a4 Rc5 40.
Bb7 f5 41. Kg3 Kf7 42. Ba6 Kf6 43. h4 g6 44. Kf4 Rd5 45. Kg3 Rd4 46. Bb5 h6 47.
Rc1 g5 48. Rc6+ Kg7 49. h5 Rg4+ 50. Kf3 Rh4 51. Rc7+ Kf6 52. Rc6+ Kg7 53. Rg6+ Kh7 54. Be8 Rxh5 55. Rf6 Rh3+ 56. Kg2 Rh4 57. Rf7+ Kg8 58. Rxa7 Re4 59. Bg6 Re5 60. Rb7 Ra5 61. Rxb6 Rxa4 62. Bxf5 Kg7 63. Rc6 Ra5 64. Be4 h5 65. Rg6+ Kf7 66.
Rh6 h4 67. Kh3 Ra3+ 68. Kg4 Rg3+ 69. Kf5 h3 70. Rh7+ Kg8 71. Kg6 Rg4 72. Rc7 Rf4 73. Rc8+ Rf8 74. Bd5+ Kh8 75. Rxf8# 1-0

[Event "*** Titled Tuesday Blitz"]
[Site "Chess.com"]
[Date "2021.04.06"]
[Round "9"]
[White "SF-96"]
[Black "Twitch_ElhamBlitz05"]
[Result "1-0"]
[WhiteElo "2591"]
[BlackElo "2809"]
[TimeControl "180+1"]
[EndTime "11:47:23 PDT"]
[Termination "SF-96 won on time"]

1. Nf3 g6 2. g3 Bg7 3. d4 d6 4.
Bg2 Bd7 5. O-O Qc8 6. Re1 Bh3 7. Bh1 h5 8. e4 Nc6 9. Bg5 h4 10. c3 hxg3 11. hxg3 Bg4 12. Bg2 Bh3 13. Bh1 Qd7 14. Nbd2 O-O-O 15. Nc4 Bg4 16. Bg2 Bh6 17.
Bxh6 Nxh6 18. d5 Nb8 19. Qd4 c5 20. Qd3 Bh3 21. b4 Ng4 22. Bh1 Qc7 23. bxc5 Qxc5 24. Qd4 Nd7 25. Rab1 b6 26. a4 Kb7 27. a5 Rc8 28. Rb4 Nge5 29. Ncxe5 dxe5 30. Qxc5 Rxc5 31. axb6 axb6 32. Ng5 Rxc3 33. Nxf7 Rf8 34. Ng5 Bg4 35.
Reb1 Be2 36. Ne6 Rh8 37. Bg2 Rcc8 38. Bf1 Bxf1 39. Kxf1 Rh1+ 40. Kg2 Rhc1 41. Rxc1 Rxc1 42. Ng5 Rc2 43. Rb3 Nc5 44. Rf3 b5 45. Rf7 Nd3 46.
Rxe7+ Ka6 47. Re6+ Ka5 48. Nh3 b4 49. d6 Nc5 50. Re7 b3 51. d7 Rd2 52. Rxe5 Kb4 53.
Nf4 b2 54. Nd5+ Rxd5 55. Rxd5 b1=Q 56. d8=Q Qxe4+ 57. Kg1 Qe1+ 58. Kg2 Qe4+ 59. Kh2 Kc4 60. Rxc5+ Kxc5 61. Qf8+ Kd4 62. Qd6+ Kc3 63. Qc5+ Kd3 64. Qd6+ Ke2 65. Kg1 1-0

[Event "*** Titled Tuesday Blitz"]
[Site "Chess.com"]
[Date "2021.04.06"]
[Round "9"]
[White "CSB7"]
[Black "vugarrasulov"]
[Result "0-1"]
[WhiteElo "2690"]
[BlackElo "2869"]
[TimeControl "180+1"]
[EndTime "11:47:28 PDT"]
[Termination "vugarrasulov won on time"]

1. d4 d5 2. Bf4 c5 3. e3 Nc6 4.
c3 Qb6 5. Qb3 c4 6. Qc2 e5 7. Bxe5 Nxe5 8. dxe5 Bf5 9. Qxf5 Qxb2 10.
e6 fxe6 11. Qxe6+ Ne7 12. Bxc4 dxc4 13. Nf3 Qb6 14. Qxc4 Rc8 15. Qb3 Nc6 16. O-O Na5 17. Qa4+ Nc6 18. Nbd2 Be7 19. Rab1 Qc7 20. Qb3 b6 21.
Ne4 Na5 22. Qe6 Qc6 23. Qg4 O-O 24. Nd4 Qg6 25. Qxg6 hxg6 26. Rfd1 Nc4 27. Nb5 Rfd8 28. Rxd8+ Rxd8 29. Nxa7 Ra8 30. Nc6 Bf8 31. h3 Rxa2 32. Rd1 Ra4 33. Ng5 Nd6 34. h4 Rxh4 35. f4 Rh5 36. Ra1 Nf7 37. Nxf7 Kxf7 38. Ra7+ Ke6 39. Ne5 g5 40. Rb7 Bc5 41. Kf1 Bxe3 42. Nc4 Bc5 43.
fxg5 Kd5 44. Nxb6+ Kc6 45. Rxg7 Bxb6 46. Ke2 Kd5 47. Kf3 Rh1 48. Kg4 Rg1 49. Kf5 Rxg2 50. Rd7+ Kc6 51. Rd3 Rf2+ 52. Kg6 Bc7 53. Kh7 Rh2+ 54.
Kg7 Be5+ 55. Kf7 Rf2+ 56. Ke6 Bg7 57. Rd8 Rg2 58. Rc8+ Kb7 59. Rg8 Bxc3 60. g6 Kc7 61. g7 Rg1 62. Kf7 Rf1+ 63. Ke6 Rg1 64. Kf7 Kd7 65.
Ra8 Rxg7+ 66. Kf8 Rg3 67. Ra7+ Ke6 68. Ra6+ Kd5 69. Kf7 Rg7+ 70. Kf8 Rb7 71. Rg6 Be5 72. Ke8 Bd6 73. Rg2 Kc6 74. Rg8 Rh7 0-1

[Event "*** Titled Tuesday Blitz"]
[Site "Chess.com"]
[Date "2021.04.06"]
[Round "9"]
[White "beautroll"]
[Black "xozr"]
[Result "1-0"]
[WhiteElo "2465"]
[BlackElo "2357"]
[TimeControl "180+1"]
[EndTime "11:47:28 PDT"]
[Termination "beautroll won by checkmate"]

1. e4 c5 2. Nf3 Nc6 3. d4 cxd4 4. Nxd4 g6 5. Nc3 Bg7 6. Be3 Nf6 7. Nxc6 bxc6 8. e5 Ng8 9. Bd4 f6 10. Qe2 Qa5 11. f4 Rb8 12. O-O-O Qb4 13. Ne4 f5 14. Nf6+ Kf7 15. Nxg8 Rxg8 16. g4 c5 17. Qc4+ e6 18. Qxb4 Rxb4 19. Be3 fxg4 20. Rg1 h5 21. c3 Ra4 22. a3 Bh6 23. Bb5 Re4 24. Bxc5 Bxf4+ 25. Kc2 Rxe5 26. b4 d5 27. Rgf1 Rf5 28. Bd3 Rf6 29. c4 Bxh2 30. cxd5 exd5 31. Bd4 Rxf1 32. Rxf1+ Ke7 33. Re1+ Be6 34. Bc5+ Kd7 35. Bb5+ Kd8 36. Rxe6 g3 37. Re2 h4 38. Bc6 Kc7 39. Bxd5 Rd8 40. Be6 Re8 41. Kd3 Kc6 42. Bd5+ Kxd5 43. Rxe8 g2 44.
Rg8 g1=Q 45. Bxg1 Bxg1 46. Rxg6 Bf2 47. Rh6 Be1 48. Rh5+ Kc6 49. Kc4 Bf2 50. Rh6+ Kb7 51. a4 Be1 52. Kb5 Bg3 53. Rh7+ Bc7 54. Rxh4 a6+ 55.
Kc4 Bd6 56. Rh7+ Kc6 57. b5+ axb5+ 58. axb5+ Kb6 59. Rh6 Kc7 60. Kd5 Bg3 61. Rg6 Bh2 62. Kc5 Bf4 63. Rg7+ Kc8 64. Kc6 Kb8 65. b6 Ka8 66. Rg8+ Bb8 67. b7+ Ka7 68. Rg4 Bf4 69.
Rxf4 Kb8 70. Rf8+ Ka7 71. b8=Q+ Ka6 72. Qb6# 1-0

[Event "*** Titled Tuesday Blitz"]
[Site "Chess.com"]
[Date "2021.04.06"]
[Round "9"]
[White "MalyDominator"]
[Black "viktorgen2021"]
[Result "0-1"]
[WhiteElo "2477"]
[BlackElo "2309"]
[TimeControl "180+1"]
[EndTime "11:47:30 PDT"]
[Termination "viktorgen2021 won by resignation"]

1. e4 c6 2. d4 d5 3. Nc3 dxe4 4.
Nxe4 Nf6 5. Nxf6+ exf6 6. c3 Bd6 7. Bd3 O-O 8. Qc2 Re8+ 9. Ne2 h5 10. Be3 Nd7 11.
O-O-O Nf8 12. Nf4 h4 13. g3 Qc7 14. Nh5 h3 15. Rde1 Qa5 16. Nf4 Qxa2 17. Kd2 Qa5 18. Ra1 Qc7 19. Bf5 c5 20. d5 b5 21. Nxh3 g6 22.
Bxc8 Raxc8 23. Nf4 Qb7 24. Rad1 g5 25. Nh5 Qxd5+ 26. Kc1 Qe6 27. Rhe1 Be5 28. f4 Qg4 29. Qe2 Qxe2 30. Rxe2 Bb8 31. fxg5 Nh7 32. Nxf6+ Nxf6 33. gxf6 Be5 34. Rde1 Bxf6 35. Bf4 Rxe2 36. Rxe2 b4 37. h4 bxc3 38. bxc3 Bxc3 39. Kc2 Bd4 40. h5 Kg7 41. Re7 Kf6 42. Rxa7 Rh8 43. h6 Kg6 44. g4 Re8 45.
Ra6+ Kh7 46. Kd3 Re1 47. g5 Rf1 48. Bd2 Rf5 49. Kc4 Rf2 50. Ba5 Ra2 51. Kb5 Rb2+ 52. Kc4 Rc2+ 53. Kd3 Rc1 54. Bd2 Rg1 55. Ra7 Kg6 56. Kc4 Rg2 57. h7 Kxh7 58. Rxf7+ Kg6 59. Rd7 Rxd2 60. Rd6+ Kxg5 61. Rd5+ Kf4 62. Rd6 Rc2+ 63. Kd5 Ke3 64. Re6+ Kd3 65. Rh6 Re2 66. Rh3+ Re3 67. Rh1 Re5+ 68. Kc6 c4 69. Rd1+ Kc3 70. Rc1+ Kb3 71. Rb1+ Bb2 72. Rh1 c3 73. Rh3 Ka2 74.
Rh2 Re1 75. Rc2 Kb1 76. Rh2 c2 0-1

[Event "*** Titled Tuesday Blitz"]
[Site "Chess.com"]
[Date "2021.04.06"]
[Round "9"]
[White "ethylalcohol"]
[Black "ellennilssen"]
[Result "0-1"]
[WhiteElo "2096"]
[BlackElo "2230"]
[TimeControl "180+1"]
[EndTime "11:47:32 PDT"]
[Termination "ellennilssen won by checkmate"]

1. d4 Nf6 2. Nf3 g6 3. Bf4 d6 4. Nc3 Bg7 5. Qd2 h6 6. O-O-O Nbd7 7. h4 b6 8. e4 Bb7 9. e5 Nh5 10. e6 fxe6 11. Bd3 Nxf4 12. Qxf4 Nf8 13. Qg4 Kf7 14. Rh3 Bf6 15. Rg3 Rg8 16. Ne4 Qd7 17.
Qf4 Ke8 18. Nxf6+ exf6 19. Qxf6 Qf7 20. Qxf7+ Kxf7 21. c4 Re8 22. d5 exd5 23. Nd4 dxc4 24. Bxc4+ d5 25. Bd3 c5 26. Nb5 Re6 27. Rf3+ Kg7 28.
h5 d4 29. Rg3 g5 30. Bc4 Rf6 31. Bxg8 Kxg8 32. f3 Ne6 33. Nd6 Bd5 34. b3 Nf4 35. Ne4 Bxe4 36. fxe4 Ne2+ 37. Kd2 Nxg3 38. e5 Re6 39. Re1 Nxh5 40. Kd3 Nf4+ 41. Ke4 d3 42. Kf5 Kf7 43. g3 Nd5 44. Ke4 d2 45. Rf1+ Ke7 46. Kxd5 h5 47. Rd1 h4 48. gxh4 gxh4 49. Rxd2 Rh6 50. Rh2 h3 51. a3 Rh5 52. b4 cxb4 53. axb4 a5 54. b5 Kd7 55. Ke4 Ke6 56. Kf4 Rxe5 57.
Rxh3 Rxb5 58. Rh6+ Kd5 59. Rh5+ Kc4 60. Rh1 Rc5 61.
Rc1+ Kd5 62. Rd1+ Kc6 63. Ke4 b5 64. Rd8 b4 65. Ra8 Kb5 66. Rb8+ Kc4 67. Ra8 b3 68.
Rb8 a4 69. Ke3 Kc3 70. Ra8 Rc4 71. Rb8 b2 72. Ke2 Rb4 73. Rc8+ Kb3 74. Kd2 b1=Q 75.
Rc3+ Ka2 76. Rc2+ Rb2 77. Rxb2+ Qxb2+ 78. Kd3 Ka1 79. Kc4 Kb1 80. Kc5 a3 81. Kc6 a2 82.
Kd7 a1=Q 83. Ke8 Qaa3 84. Kf7 Qac3 85. Kg6 Qbd2 86. Kf5 Qf3+ 87. Ke5 Qfe3+ 88. Kf6 Qdf2+ 89. Kg6 Qeg3+ 90. Kh5 Qfh2# 0-1

[Event "*** Titled Tuesday Blitz"]
[Site "Chess.com"]
[Date "2021.04.06"]
[Round "9"]
[White "HanSchut"]
[Black "PowerThinking2650"]
[Result "0-1"]
[WhiteElo "2260"]
[BlackElo "2387"]
[TimeControl "180+1"]
[EndTime "11:47:34 PDT"]
[Termination "PowerThinking2650 won by resignation"]

1. e4 e5 2. Nf3 Nc6 3. Bc4 Nf6 4. d4 exd4 5. e5 d5 6. Bb5 Ne4 7. Nxd4 Bc5 8. Be3 Bd7 9. Bxc6 bxc6 10. f3 Qh4+ 11.
g3 Nxg3 12. Bf2 Qh3 13. Bxg3 Qg2 14. Rf1 Bh3 15. Nd2 Bxd4 16. c3 Be3 17. Qe2 Bxd2+ 18. Kxd2 Qxe2+ 19. Kxe2 Bxf1+ 20. Rxf1 Kd7 21. Kd3 Ke6 22.
f4 g6 23. Bf2 a5 24. a4 Rhb8 25. Kc2 Rb7 26. Bc5 Rab8 27. b4 Ra8 28. Kb3 Kf5 29. Rf2 h6 30. h3 Rbb8 31. Ka3 Re8 32. Rf1 Ke4 33. Rf2 Kd3 34. Kb3 Ke4 35. Rf1 Kf5 36.
Rf2 Reb8 37. Rf1 Ra6 38. Rf2 Rba8 39. b5 cxb5 40. axb5 Rb6 41. Bxb6 cxb6 42. Rd2 Rd8 43. Rd4 g5 44. fxg5 hxg5 45. Kc2 Kxe5 46. Kd3 f5 47. c4 Rd6 48. Kc3 dxc4 49. Rxc4 Rd5 50. Rc8 Rxb5 51. Re8+ Kf4 52. Kc4 Rb4+ 53. Kd5 Kg3 54. Re3+ Kh4 55. Rc3 f4 56. Ke5 a4 57. Kf5 a3 58.
Rxa3 b5 59. Rd3 Rc4 60. Rb3 b4 61. Ke5 Rc3 62. Rxb4 Kxh3 63. Kf5 Rg3 64. Rb2 f3 65. Ke4 g4 66. Ke3 Rg2 67. Rb8 Kg3 68. Rh8 Re2+ 69.
Kd3 Rh2 70. Rg8 f2 71. Ke3 Rh1 72. Rf8 Re1+ 73. Kd2 f1=Q 74. Rf3+ Qxf3 75. Kxe1 Qf2+ 76.
Kd1 Kf3 77. Kc1 Ke3 0-1

[Event "*** Titled Tuesday Blitz"]
[Site "Chess.com"]
[Date "2021.04.06"]
[Round "9"]
[White "BvsN"]
[Black "mr_gustavo"]
[Result "1-0"]
[WhiteElo "2449"]
[BlackElo "2379"]
[TimeControl "180+1"]
[EndTime "11:47:36 PDT"]
[Termination "BvsN won by resignation"]

1. c4 Nf6 2. Nc3 g6 3. e4 d6 4.
d4 Bg7 5. Nge2 O-O 6. f3 e5 7. dxe5 dxe5 8. Qxd8 Rxd8 9. Nd5 Ne8 10. Bg5 f6 11.
Be3 c6 12. Ne7+ Kf7 13. Nxc8 Rxc8 14. Nc3 Na6 15. a3 Nac7 16. Be2 Ne6 17. Rd1 Ke7 18. c5 Rd8 19. Kf2 Bf8 20. b4 Kf7 21. Bc4 Ke7 22.
h4 h5 23. g3 N8c7 24. Nd5+ cxd5 25. exd5 Nd4 26. Bxd4 exd4 27. d6+ Kd7 28. dxc7 Kxc7 29. Rhe1 a5 30. Rd3 axb4 31. axb4 Ra4 32. Rb1 Bh6 33. f4 g5 34. f5 gxh4 35. gxh4 Be3+ 36. Kf3 b6 37. Be6 bxc5 38. bxc5 Ra5 39. Rbd1 Rxc5 40. Ra1 Rc2 41. Ke4 Rf2 42. Ra7+ Kb6 43. Rda3 Rb2 44.
R7a6+ Kc7 45. Ra7+ Rb7 46. R7a4 Rd6 47. Rc4+ Kd8 48.
Ra8+ Ke7 49. Rcc8 Rdb6 50. Re8+ Kd6 51. Rad8+ Kc5 52. Rc8+ Kb4 53. Rc4+ Ka3 54. Ra8+ Kb2 55. Rca4 Rb4 56. Ra2+ Kc1 57. Rc8+ Kd1 58. Rh2 Rb1 59. Kd3 R7b3+ 60. Bxb3+ Rxb3+ 61. Ke4 Rb4 62. Rh1+ Kd2 63.
Rh2+ Kd1 64. Ra8 Bc1 65. Kd3 Rb3+ 66. Kxd4 Rb4+ 67. Kc3 Re4 68. Rd8+ Ke1 69. Rh1+ Kf2 70. Rxc1 Rxh4 71. Rc2+ Kf3 72. Rd3+ Ke4 73. Rcd2 Rg4 74. Rd4+ Ke3 75. Rxg4 hxg4 76. Rg2 Kf3 77. Ra2 g3 78.
Kd4 g2 79. Rxg2 Kxg2 80. Kd5 Kf3 81. Ke6 Kf4 82. Kxf6 1-0

[Event "*** Titled Tuesday Blitz"]
[Site "Chess.com"]
[Date "2021.04.06"]
[Round "9"]
[White "bazar-wokzal"]
[Black "zmeeed67"]
[Result "1/2-1/2"]
[WhiteElo "2596"]
[BlackElo "2465"]
[TimeControl "180+1"]
[EndTime "11:47:37 PDT"]
[Termination "Game drawn by agreement"]

1. e4 Nc6 2. d4 d5 3. Nc3 dxe4 4. d5 Ne5 5. Bf4 Ng6 6. Bg3 a6 7. h4 h5 8. Bc4 Nh6 9. Nxe4 Nf5 10. Nf3 Nxg3 11.
Nxg3 Bg4 12. Qe2 Qd6 13. O-O-O Bxf3 14. gxf3 O-O-O 15. Kb1 Ne5 16. Bb3 g6 17. f4 Nd7 18.
f5 Bg7 19. fxg6 fxg6 20. Rhe1 Be5 21. Ne4 Qb6 22. Ng5 Rdf8 23. f3 Bd6 24. Rg1 Kb8 25.
Ne4 Ne5 26. Rg3 Rf4 27. Rh3 Rhf8 28. Rf1 Qd4 29. c3 Qd3+ 30. Qxd3 Nxd3 31. Rg1 Ne5 32.
Ng5 R4f6 33. Bc2 Nxf3 34. Nxf3 Rxf3 35. Rxf3 Rxf3 36. Bxg6 Rh3 37. Bxh5 Rxh4 38. Bf7 Rh2 39. Bg6 Ka7 40. Bc2 a5 41. a3 Rd2 42. Be4 Re2 43. Rg4 Re1+ 44. Kc2 Re2+ 45. Kb3 Rh2 46. Bd3 Bc5 47. Kc4 Bd6 48. b4 axb4 49. axb4 c6 50. dxc6 bxc6 51. Kd4 Kb7 52. b5 cxb5 53. Bxb5 Ra2 54.
Bc4 Ra4 55. Kd3 Kc7 56. Rd4 Ra3 57. Re4 Bb4 58. Bb5 Rxc3+ 59. Kd4 Ba5 60. Bc4 Kd7 61.
Bb5+ Kd6 62. Bc4 Rc1 63. Re6+ Kd7 64. Ra6 Bb4 65. Bb5+ Kd8 66. Bc6 Kc7 67. Bd5 Bc5+ 68. Ke5 Bd6+ 69. Kf5 Re1 70. Be4 Rf1+ 71. Ke6 Re1 72.
Kd5 Rd1+ 73. Ke6 1/2-1/2

[Event "*** Titled Tuesday Blitz"]
[Site "Chess.com"]
[Date "2021.04.06"]
[Round "9"]
[White "Fandorine"]
[Black "BogdanDeac"]
[Result "1/2-1/2"]
[WhiteElo "2905"]
[BlackElo "3057"]
[TimeControl "180+1"]
[EndTime "11:47:41 PDT"]
[Termination "Game drawn - insufficient material"]

1. e4 c5 2. Nf3 d6 3. d4 cxd4 4. Nxd4 Nf6 5. Nc3 a6 6. f4 Qc7 7. Bd3 g6 8. O-O Bg7 9. Kh1 O-O 10. Qe1 Nbd7 11. a4 b6 12. f5 Bb7 13. Qh4 d5 14. Bf4 Ne5 15. exd5 Nxd5 16. fxg6 hxg6 17. Nxd5 Bxd5 18.
Rae1 Qc5 19. Bxe5 Bxe5 20. Rxe5 Bxg2+ 21. Kxg2 Qxe5 22. Nf3 Qxb2 23. Ng5 Qh8 24. Qxh8+ Kxh8 25. Rxf7 Rxf7 26. Nxf7+ Kg7 27. Ne5 g5 28. Nd7 b5 29.
axb5 axb5 30. Bxb5 Ra2 31. Bd3 Ra4 32. Kg3 Kf7 33.
Nc5 Rd4 34. Ne4 Kg6 35. Kf3 e5 36. Ke3 Rd8 37. c4 Rh8 38. Nf2+ Kf6 39. h3 Ke6 40. Be2 Ra8 41. Bg4+ Ke7 42. Bf5 Ra3+ 43. Nd3 Kf6 44. Be4 Rc3 45. c5 Ke6 46. Bf3 Kf5 47. Bg4+ Kf6 48.
Bd7 Ke7 49. Bf5 Kf6 50. Be4 Ke6 51. c6 Kd6 52. Kd2 Rc4 53. Ke3 Rc3 54. Ke2 Rc4 55. Nf2 Rc3 56. Bf3 Ra3 57. Ne4+ Kxc6 58. Nxg5+ Kd6 59. Ne4+ Ke6 60. Kf2 Kf5 61. Ng3+ Kf4 62. Ne2+ Kg5 63. Kg2 Kh4 64. Ng3 Ra2+ 65. Be2 e4 66.
Kf2 e3+ 67. Kg2 Ra5 68. Nf1 Rf5 69. Nxe3 Re5 70. Kf2 Kxh3 71. Bf1+ Kh4 72. Ng2+ Kg5 73.
Be2 Ra5 74. Bf3 Ra2+ 75. Kg3 Ra3 76. Ne1 Rxf3+ 77. Nxf3+ 1/2-1/2

[Event "*** Titled Tuesday Blitz"]
[Site "Chess.com"]
[Date "2021.04.06"]
[Round "9"]
[White "Trankuilizer"]
[Black "TheMagicMaik"]
[Result "0-1"]
[WhiteElo "2563"]
[BlackElo "2430"]
[TimeControl "180+1"]
[EndTime "11:47:52 PDT"]
[Termination "TheMagicMaik won on time"]

1. e4 g6 2. d4 Bg7 3. Nc3 c5 4. dxc5 Bxc3+ 5. bxc3 Qa5 6. Ne2 Nf6 7. f3 Qxc5 8. Qd3 O-O 9. Be3 Qc7 10. Nd4 a6 11. Be2 d6 12. O-O Nbd7 13. Nb3 b5 14. a4 Bb7 15.
axb5 axb5 16. Qxb5 Qxc3 17. Bh6 Rfb8 18. Qd3 Qxd3 19.
Bxd3 Ne5 20. Be2 Bc6 21. Nd4 Bd7 22. h3 Nc6 23. c3 Ne8 24. Rxa8 Rxa8 25. Rb1 Rb8 26.
Ra1 Nc7 27. Bf1 Ra8 28. Rb1 Rb8 29. Rd1 Rb2 30. Ra1 Rb8 31. Nxc6 Bxc6 32. c4 Ra8 33. Rb1 f6 34. c5 dxc5 35. Bc4+ e6 36. Rb6 Bd7 37.
Rb7 Rc8 38. Bf4 Bb5 39. Bxb5 e5 40. Be3 Nxb5 41. Rxb5 c4 42. Rc5 Rd8 43. Rxc4 Kf7 44. Kh2 Ke6 45. Rc6+ Kd7 46. Rb6 Rc8 47. Rb7+ Ke6 48.
Rxh7 g5 49. Bg1 Rc2 50. h4 gxh4 51. Rxh4 Kf7 52. Rh7+ Kg6 53. Rh8 Kg7 54. Ra8 Kg6 55.
Ra7 Kg5 56. Ra6 f5 57. Bf2 Rxf2 58. exf5 Kxf5 59. Kg3 Rc2 60. Ra5 Rd2 61. Kh3 Rc2 62. Ra8 Rc3 63. Rf8+ Ke6 64. Kg4 Rc4+ 65. Kg5 Rc2 66.
g4 Rc3 67. Kg6 Ke7 68. Rf5 Ke6 69. g5 Rc8 70. Rf6+ Kd5 71. Kg7 Rc1 72. g6 Rg1 73.
Kf7 e4 74. fxe4+ Kxe4 75. g7 Ke5 76. g8=Q Rxg8 77. Re6+ Kd5 78. Re1 Rg2 79. Rd1+ Ke4 80. Rf1 Ke3 81. Rf6 Rf2 0-1